 Dungeon Crawl Stone Soup version 0.23-a0-489-g205b0b6 (webtiles) character file.

826 kr3s1m1r the Magician (level 7, 50/50 HPs)
             Began as a Centaur Fire Elementalist on July 1, 2018.
             Got out of the dungeon alive.
             The game lasted 00:17:16 (8030 turns).

kr3s1m1r the Magician (Centaur Fire Elementalist)   Turns: 8030, Time: 00:17:16

Health: 50/50      AC:  5    Str: 11    XL:     7   Next: 64%
Magic:  14/14      EV:  9    Int: 16    God:
Gold:   315        SH:  3    Dex:  9    Spells: 4/15 levels left

rFire    . . .     SeeInvis .   g - +1 hand axe of Fiackul {protect, rElec rN+}
rCold    . . .     Gourm    .   (no shield)
rNeg     + . .     Faith    .   a - +0 robe
rPois    .         Spirit   .   (no helmet)
rElec    +         Reflect  +   o - +0 cloak
rCorr    .         Harm     .   (no gloves)
MR       .....                  (no barding)
Stlth    +.........             m - +3 amulet of reflection
HPRegen  0.16/turn              (no ring)
MPRegen  0.14/turn              (no ring)

@: very quick
A: large, hooves 3, deformed body, speed 2, tough skin 3
a: no special abilities


You escaped.
You were not hungry.

You visited 1 branch of the dungeon, and saw 5 of its levels.

You collected 315 gold pieces.

Inventory:

Hand Weapons
 g - the +1 hand axe of Fiackul (weapon) {protect, rElec rN+}
   (You found it on level 4 of the Dungeon)

   It protects the one who uses it against injury (+AC on strike).
   It insulates you from electricity.
   It protects you from negative energy.
 k - a +0 dagger
Missiles
 b - 46 poisoned needles
Armour
 a - a +0 robe (worn)
 o - a +0 cloak (worn)
Jewellery
 m - a +3 amulet of reflection (around neck)
Scrolls
 d - a scroll of identify
 e - a scroll of teleportation
 h - a scroll of remove curse
Potions
 f - a potion of ambrosia {unknown}
 i - a potion of flight
 p - a potion of berserk rage
Comestibles
 c - 5 rations
 j - 3 chunks of flesh


   Skills:
 - Level 1.3 Dodging
 - Level 1.1 Stealth
 * Level 4.7 Spellcasting
 + Level 4.3 Conjurations
 + Level 4.6 Fire Magic


You had 4 spell levels left.
You knew the following spells:

 Your Spells              Type           Power        Failure   Level  Hunger
r - Conjure Flame         Conj/Fire      ###.....     8%          3    ###....
t - Fireball              Conj/Fire      ###.......   56%         5    ######.
u - Throw Flame           Conj/Fire      ###...       3%          2    ##.....
z - Flame Tongue          Conj/Fire      ###..        2%          1    None

Your spell library contained the following spells:

 Spells                   Type           Power        Failure   Level  Hunger
 Inner Flame              Hex/Fire       ##......     19%         3    ###....
 Sticky Flame             Conj/Fire      ###.....     26%         4    ####...


Dungeon Overview and Level Annotations

Branches:
Dungeon (5/15)
 Temple: D:4-7

Altars:
Cheibriados
Elyvilon
Gozag
Hepliaklqana
Trog
Zin


Innate Abilities, Weirdness & Mutations

You have hooves in place of feet.
Armour fits poorly on your strangely shaped body.
You cover ground very quickly.
You have extremely tough skin. (AC +3)


Message History

You climb upwards.
There is a stone staircase leading down here.
There is a stone staircase leading up here.
You climb upwards.
There is a stone staircase leading down here.
Things that are here:
a ring mail; a club x2
There is an open door here.
There is an open door here.
There is a stone staircase leading up here.
You climb upwards.
There is a stone staircase leading down here.
There is a stone staircase leading up here.
You climb upwards.
There is a stone staircase leading down here.
You see here a dagger.
HP restored.
There is a staircase leading out of the dungeon here.
Are you sure you want to leave the Dungeon?
This will make you lose the game!
You have escaped!

....'............................
....##.#####..########.##.#.#.###
######.###.............##.#.#.# #
# #..##.##########..##.#.#.# # #
#.....#........#..##.#.#.# # #
#..##.#.##.....#..##.#.#.# # #
#..#..#>.#.....#..##.#.#.# # #
#..#..##.#.##..#.....#.#.### ##
#..#.....#.@#..#...###.#.... .#
##.#.....##.#.##...# #.##### .#
#.#........#......# #.#.... .#
#.##########......# #.#.### .#
#.............###.# #.#.# .##
####............###.# #.#.# ..#
#...................# #.#.#
..###.##.##################.#.#
..........................#.#.#


There were no monsters in sight!

Vanquished Creatures
  A water moccasin (D:5)
  A phantom (D:4)
  An ogre (D:4)
  A centaur (D:5)
  A scorpion (D:5)
  A crimson imp (D:4)
  A bullfrog zombie (D:5)
  Crazy Yiuf (D:4)
  Jessica (D:3)
  Terence (D:3)
  An iguana (D:3)
  2 orc wizards
  A worker ant (D:4)
  2 adders
  2 oozes
  2 worms (D:2)
  7 dart slugs
  5 leopard geckos
  13 orcs
  15 giant cockroaches
  5 goblins
  6 hobgoblins
  7 jackals
  2 quokkas
  8 bats
  5 frilled lizards
  A jackal zombie (D:5)
  15 kobolds
  7 rats
  A fungus (D:4)
117 creatures vanquished.

Vanquished Creatures (others)
  2 plants (D:2)
2 creatures vanquished.

Grand Total: 119 creatures vanquished

Notes
Turn   | Place    | Note
-------+----------+-------------------------------------------
     0 | D:1      | kr3s1m1r the Centaur Fire Elementalist began the quest for
                  | the Orb.
     0 | D:1      | Reached XP level 1. HP: 14/14 MP: 3/3
    40 | D:1      | Reached skill level 1 in Conjurations
   372 | D:1      | Reached XP level 2. HP: 20/20 MP: 2/4
   783 | D:1      | Learned a level 2 spell: Throw Flame
   902 | D:1      | Reached XP level 3. HP: 26/26 MP: 3/6
  1927 | D:2      | Reached XP level 4. HP: 31/33 MP: 0/7
  2013 | D:2      | Learned a level 3 spell: Conjure Flame
  3494 | D:3      | Found a hazy altar of Hepliaklqana.
  3496 | D:3      | Found a bloodstained altar of Trog.
  3501 | D:3      | Found a glowing silver altar of Zin.
  3501 | D:3      | Found a white marble altar of Elyvilon.
  3501 | D:3      | Found a snail-covered altar of Cheibriados.
  3502 | D:3      | Found an opulent altar of Gozag.
  4056 | D:3      | Noticed Jessica
  4058 | D:3      | Killed Jessica
  4058 | D:3      | Reached XP level 5. HP: 38/38 MP: 4/9
  4118 | D:3      | Noticed Terence
  4297 | D:3      | Killed Terence
  5683 | D:4      | Got a twisted hand axe
  5684 | D:4      | Identified the +1 hand axe of Fiackul {protect, rElec rN+}
                  | (You found it on level 4 of the Dungeon)
  5689 | D:4      | Reached XP level 6. HP: 45/45 MP: 3/11
  5760 | D:4      | Learned a level 5 spell: Fireball
  7004 | D:5      | Entered Level 5 of the Dungeon
  7047 | D:4      | Reached XP level 7. HP: 50/50 MP: 6/13
  7070 | D:4      | Found a runed door.
  7102 | D:4      | Noticed Crazy Yiuf
  7106 | D:4      | Killed Crazy Yiuf
  7851 | D:5      | Upgraded the game from 0.22-a0-571-g4a923d4 to
                  | 0.23-a0-489-g205b0b6
  8030 | D:$      | Got out of the dungeon alive.

Vault maps used:
D:1:      ebering_trefoil_twist
D:2:      minmay_roachtagon, lexackson_kobold_supper
D:3:      grunt_temple_overflow_open, uniq_jessica, uniq_terence
D:4:      first_ration, uniq_crazy_yiuf_cottage
D:5:      serial_glass, glass_columns_a, glass_columns_c

Skill      XL: |  1  2  3  4  5  6  7 |
---------------+----------------------+-----
Conjurations   | 1 2 3 4 |  4.3
Spellcasting   | 2 3 4 |  4.7
Fire Magic     | 3 4 |  4.6
Dodging        | |  1.3
Stealth        | |  1.1

Action                   |  1- 3 |  4- 6 |  7- 9 || total
-------------------------+-------+-------+-------++-------
Melee: Unarmed           |     1 |    12 |       ||    13
       Kick              |       |    12 |     5 ||    17
       Dagger            |       |    13 |       ||    13
       Hand axe          |       |    58 |    21 ||    79
 Cast: Flame Tongue      |    77 |   168 |    37 ||   282
       Throw Flame       |     1 |    13 |     1 ||    15
       Conjure Flame     |       |     2 |     3 ||     5
  Use: Potion            |     3 |       |       ||     3
       Scroll            |       |     7 |     4 ||    11
  Eat: Chunk             |     3 |    12 |     3 ||    18
       Ration            |       |     1 |       ||     1
Armor: Robe              |     5 |    52 |    16 ||    73
Dodge: Dodged            |    10 |    66 |    18 ||    94
Block: Other             |       |     6 |     5 ||    11

Table legend:
 A = Non-vault XP
 B = Vault XP
 C = Vault XP percentage of total XP
 D = Non-vault monster count
 E = Vault monster count
 F = Vault count percentage of total count
                 A         B        C        D         E       F
            +---------+---------+-------+---------+---------+-------
      Total |    1181 |       0 |   0.0 |     116 |       0 |   0.0
            +---------+---------+-------+---------+---------+-------
        D:1 |      62 |       0 |   0.0 |      32 |       0 |   0.0
        D:2 |      92 |       0 |   0.0 |      34 |       0 |   0.0
        D:3 |     194 |       0 |   0.0 |      27 |       0 |   0.0
        D:4 |     444 |       0 |   0.0 |      16 |       0 |   0.0
        D:5 |     389 |       0 |   0.0 |       7 |       0 |   0.0
            +---------+---------+-------+---------+---------+-------
